 Dungeon Crawl Stone Soup version 0.29-a0-486-ga88943ba61 (webtiles) character file.

Game seed: 4544141489532530406

20530 Kenran the Martial Artist (level 12, -1/116 HPs)
             Began as a Vampire Transmuter on May 25, 2022.
             Was a High Priest of Cheibriados.
             Slain by a six-headed hydra (3 damage)
             ... on level 5 of the Lair of Beasts on May 26, 2022.
             The game lasted 00:38:45 (16112 turns).

Kenran the Martial Artist (Vampire Transmuter)     Turns: 16112, Time: 00:38:46

Health: -1/116     AC:  9    Str: 24    XL:     12   Next: 46%
Magic:  15/16      EV: 19    Int: 31    God:    Cheibriados [*****.]
Gold:   1490       SH:  0    Dex: 28    Spells: 12/17 levels left

rFire   x . .      SeeInvis +     - Unarmed
rCold   + + +      Faith    +   (shield currently unavailable)
rNeg    . . .      Spirit   .   (body armour currently unavailable)
rPois   +          Reflect  .   (helmet currently unavailable)
rElec   .          Harm     .   (cloak currently unavailable)
rCorr   .          Rampage  .   (gloves currently unavailable)
Will    +....                   (boots currently unavailable)
Stlth   +++++.....              B - amulet of faith {!P}
HPRegen 0.49/turn               v - ring of wizardry
MPRegen 0.15/turn               D - ring of flight

@: ice-form, marked, flying, healing quickly, slowed, very slow
A: freezing attack, amphibious, boosted hp, large, alive, (fangs 3), see
invisible, vampiric 2
a: Exsanguinate, End Transformation, Renounce Religion, Bend Time, Temporal
Distortion, Slouch, Step From Time


You were on level 5 of the Lair of Beasts.
You worshipped Cheibriados.
Cheibriados was extremely pleased with you.
You were a creature of crystalline ice.
You visited 3 branches of the dungeon, and saw 16 of its levels.

You collected 1490 gold pieces.

Inventory:

Missiles
 c - 37 poisoned darts
 L - 8 throwing nets
Armour
 a - a +0 robe (melded)
 b - a +1 kite shield of positive energy (melded)
 g - a +2 pair of gloves of stealth (melded)
 h - a +0 cloak (melded)
 E - the +2 hat "Esukkur" (melded) {Int+3 Dex+5}
   (You acquired it on level 7 of the Dungeon)

   Int:       It affects your intelligence (+3).
   Dex:       It affects your dexterity (+5).
 I - a +0 pair of boots (melded)
Jewellery
 v - a ring of wizardry (left front paw)
 B - an amulet of faith (around neck) {!P}
 D - a ring of flight (right front paw)
 M - a ring of wizardry
 O - a ring of magical power
Wands
 n - a wand of polymorph (9)
 o - a wand of paralysis (7)
 s - a wand of flame (44)
 H - a wand of charming (1)
 N - a wand of acid (10)
Scrolls
 e - 2 scrolls of fog
 i - 2 scrolls of poison {!r}
 j - 3 scrolls of magic mapping
 k - a scroll of summoning
 r - 3 scrolls of torment {!r}
 u - 3 scrolls of immolation {!r}
 x - a scroll of enchant armour
 y - 3 scrolls of enchant weapon
 C - a scroll of vulnerability {unknown}
 F - 6 scrolls of teleportation
 J - 2 scrolls of amnesia
 P - a scroll of noise {unknown}
 Q - 2 scrolls of blinking
Potions
 d - a potion of flight {unknown}
 f - a potion of resistance
 l - 4 potions of attraction {unknown}
 m - 3 potions of mutation {!q}
 q - a potion of invisibility {unknown}
 t - a potion of magic {unknown}
 w - 2 potions of cancellation {unknown}
 z - a potion of degeneration {unknown}
 A - 2 potions of brilliance {unknown}
 G - 3 potions of curing {@q1}
 K - 2 potions of might


   Skills:
 + Level 9.7 Fighting
 + Level 9.6 Dodging
 - Level 10.0 Stealth
 - Level 3.0 Shields
 + Level 12.7 Unarmed Combat
 - Level 3.0 Spellcasting
 - Level 8.0 Transmutations
 - Level 2.0 Ice Magic
 - Level 4.0 Invocations


You had 12 spell levels left.
You knew the following spells:

 Your Spells              Type           Power      Damage    Failure   Level
a - Beastly Appendage     Tmut           100%       N/A       1%          1
b - Ice Form              Ice/Tmut       35%        N/A       3%          4

Your spell library contained the following spells:

 Spells                   Type           Power      Damage    Failure   Level
 Sting                    Tmut/Pois      100%       1d8       1%          1
 Wereblood                Tmut           53%        N/A       1%          2
 Spider Form              Tmut/Pois      29%        N/A       1%          3
 Necrotize                Necr           16%        1d4       2%          1
 Frozen Ramparts          Ice            34%        1d5       3%          3
 Poisonous Vapours        Pois/Air       8%         N/A       4%          2
 Scorch                   Fire           8%         2d5       4%          2
 Call Canine Familiar     Summ           4%         N/A       9%          3
 Inner Flame              Hex/Fire       4%         N/A       9%          3
 Portal Projectile        Hex/Tloc       8%         N/A       9%          3
 Vampiric Draining        Necr           4%         2d6       9%          3
 Summon Ice Beast         Ice/Summ       10%        N/A       17%         4
 Cause Fear               Hex            2%         N/A       26%         4
 Corpse Rot               Necr/Pois/Air  4%         N/A       26%         4
 Dispel Undead            Necr           4%         3d7       26%         4
 Flame Wave               Conj/Fire      4%         2d5       26%         4
 Leda's Liquefaction      Hex/Erth       2%         N/A       26%         4
 Olgreb's Toxic Radiance  Pois           4%         N/A       26%         4
 Agony                    Necr           4%         N/A       56%         5
 Death Channel            Necr           2%         N/A       98%         6
 Summon Cactus Giant      Summ           2%         N/A       98%         6
 Discord                  Hex            2%         N/A       100%        8


Dungeon Overview and Level Annotations

Branches:
Dungeon (10/15)            Temple (1/1) D:7            Lair (5/6) D:9
 Shoals (0/4) Lair:3        Snake (0/4) Lair:4          Orc (0/2) D:9
  Slime: Lair:5-6

Altars:
Ashenzari
Cheibriados
Dithmenos
Elyvilon
Fedhas
Gozag
Hepliaklqana
Kikubaaqudgha
Makhleb
Nemelex Xobeh
Okawaru
Qazlal
Ru
Sif Muna
Trog
Uskayaw
Vehumet
Wu Jian
Xom
Yredelemnul
Zin
The Shining One

Annotations:
D:2 1 runed translucent door, Crazy Yiuf
D:3 exclusion: downstairs
D:5 3 runed translucent doors, P0WERM0DE's ghost, novice TrCK
Lair:1 1 runed translucent door, Morbidden's ghost, journeyman TrGl
Lair:2 exclusion: oklob plant
Lair:3 2 transporters


Innate Abilities, Weirdness & Mutations

You are a creature of crystalline ice.
You have a powerful freezing melee attack.
You are amphibious.
Your maximum health is increased.
Your armour is entirely melded.
You are incapable of wielding weapons or throwing items.
Your natural rate of healing is accelerated.
((You have razor-sharp teeth.))
You have supernaturally acute eyesight. (SInv)
You are afflicted with vampirism and can become a bat while bloodless.


Message History

The cane toad stings the fungus!
The torpor snail bites the fungus!
The six-headed hydra closely misses you.
The six-headed hydra bites you but does no damage.
The six-headed hydra bites you. The six-headed hydra bites you!
The six-headed hydra completely misses you.
The six-headed hydra misses you.
A hell rat comes into view.
You punch the six-headed hydra! You freeze the six-headed hydra.
The six-headed hydra is severely wounded.
The cane toad stings the fungus!!
The fungus is poisoned.
The cane toad poisons the fungus!
The six-headed hydra bites you!
* * * LOW HITPOINT WARNING * * *
The six-headed hydra bites you.
* * * LOW HITPOINT WARNING * * *
The six-headed hydra bites you.
* * * LOW HITPOINT WARNING * * *
The six-headed hydra completely misses you.
The six-headed hydra barely misses you. x2; The torpor snail bites the fungus!
You hit the six-headed hydra.
The six-headed hydra seems to slow down.
You freeze the six-headed hydra.
The six-headed hydra is severely wounded.
A nearby fungus withers and dies.
The six-headed hydra bites you.
* * * LOW HITPOINT WARNING * * *
The six-headed hydra bites you but does no damage.
The six-headed hydra misses you. The six-headed hydra bites you.
* * * LOW HITPOINT WARNING * * *
The six-headed hydra misses you.
The six-headed hydra completely misses you.
You hit the six-headed hydra. You freeze the six-headed hydra.
The six-headed hydra is severely wounded.
The six-headed hydra is no longer moving slowly.
A hell rat comes into view.
The six-headed hydra completely misses you.
The six-headed hydra bites you!
* * * LOW HITPOINT WARNING * * *
The six-headed hydra barely misses you. x2
The six-headed hydra bites you but does no damage.
The six-headed hydra bites you.
You die...

#....##....P..
##..........P.
#....#......# .##
#.........## P....
#..........# .....
##....†....## r.. .
#.......wFY.##r. ..
##...###DY..r.# ....
###.....Y#.....##..
#......####.<..#.#
##.....#####.÷...##
#..#......###.....#
###......###......###
#.(.(.....#.#.....##
##.#......###......####
####P....##.##.......#
##.....[###P..<....


You could see a six-headed hydra, a torpor snail, 2 yaks, a cane toad and 2 hell
rats.

Vanquished Creatures
  Harold (Lair:1)
  3 hydras
  Amaemon (Lair:3)
  4 elephants
  A black mamba (Lair:4)
  An orange demon (Lair:3)
  5 cane toads
  2 rime drakes
  A torpor snail (Lair:4)
  4 komodo dragons
  A merfolk (Lair:3)
  2 polar bears (Lair:4)
  A hornet (D:10)
  4 blink frogs (Lair:2)
  5 dream sheep (Lair:4)
  2 shadows (D:10)
  3 wyverns
  23 yaks
  A vampire (D:10)
  2 steam dragons
  4 basilisks
  Menkaure (D:4)
  3 nagas (Lair:4)
  4 water moccasins
  An orc warrior (D:6)
  2 sky beasts
  3 centaurs (D:7)
  2 ogres
  A tengu (D:9)
  A phantom (D:7)
  2 kobold brigands
  7 bullfrogs
  A necrophage (D:6)
  4 gnoll sergeants (D:10)
  2 scorpions
  9 wights (D:8)
  An electric eel (Lair:3)
  5 howler monkeys
  6 hounds
  2 jellies (D:6)
  11 gnoll shamans
  3 orc priests
  4 iguanas
  4 orc wizards
  Ijyb (D:4)
  46 gnolls
  6 adders
  A shadow imp (D:7)
  An ufetubus (D:5)
  6 worms
  6 dart slugs
  16 orcs
  7 ball pythons
  6 bats
  8 endoplasms
  3 giant cockroaches
  8 goblins
  5 hobgoblins
  9 jackals
  11 kobolds
  4 quokkas
  8 frilled lizards
  6 rats
308 creatures vanquished.

Vanquished Creatures (collateral kills)
  An orc priest (D:4)
1 creature vanquished.

Vanquished Creatures (others)
  An orc (D:8)
  16 fungi
  21 plants
38 creatures vanquished.

Grand Total: 347 creatures vanquished

Notes
Turn   | Place    | Note
-------+----------+-------------------------------------------
     0 | D:1      | Kenran the Vampire Transmuter began the quest for the Orb.
     0 | D:1      | Reached XP level 1. HP: 14/14 MP: 3/3
    45 | D:1      | Reached skill level 1 in Fighting
   258 | D:1      | Reached XP level 2. HP: 21/21 MP: 3/5
   259 | D:1      | Reached skill level 4 in Unarmed Combat
   928 | D:2      | Gained mutation: You are afflicted with vampirism and can
                  | become a bat while bloodless. [Vampire growth]
   928 | D:2      | Reached XP level 3. HP: 23/26 MP: 4/6
  1113 | D:2      | Reached skill level 5 in Unarmed Combat
  1276 | D:2      | Found a faded altar of an unknown god.
  1372 | D:2      | Found a shimmering altar of Xom.
  1394 | D:2      | Reached XP level 4. HP: 33/33 MP: 7/7
  1847 | D:2      | Found a runed translucent door.
  1848 | D:2      | Noticed Crazy Yiuf
  1953 | D:2      | Learned a level 4 spell: Ice Form
  2192 | D:3      | Found an ornate altar of the Wu Jian Council.
  2481 | D:3      | Identified the +3 pair of gloves of Sif Muna's Regard {rC-
                  | Str-2 Int+5 Stlth+}
  2731 | D:3      | Found a broken altar of Ashenzari.
  2828 | D:3      | Noticed an ogre
  2833 | D:3      | Killed an ogre
  2834 | D:3      | Reached skill level 6 in Unarmed Combat
  2834 | D:3      | Reached XP level 5. HP: 20/39 MP: 8/8
  2974 | D:4      | Noticed Ijyb
  2993 | D:4      | Killed Ijyb
  2999 | D:4      | Noticed Menkaure
  3400 | D:3      | Reached XP level 6. HP: 16/47 MP: 9/9
  4280 | D:4      | Reached skill level 7 in Unarmed Combat
  4280 | D:4      | Reached XP level 7. HP: 49/52 MP: 8/10
  4492 | D:4      | Killed Menkaure
  4493 | D:4      | Reached skill level 5 in Transmutations
  4493 | D:4      | Reached skill level 1 in Ice Magic
  4739 | D:5      | Entered Level 5 of the Dungeon
  5062 | D:5      | Found a runed translucent gate.
  5063 | D:5      | Found a runed translucent gate.
  5461 | D:5      | Found a runed translucent gate.
  5467 | D:5      | Noticed P0WERM0DE's ghost (novice TrCK)
  6165 | D:6      | Reached XP level 8. HP: 43/60 MP: 12/12
  6350 | D:6      | Reached skill level 8 in Unarmed Combat
  6633 | D:6      | Identified a scroll of acquirement
  6634 | D:6      | Acquired 618 gold pieces
  7082 | D:7      | HP: 3/72 [howler monkey (4)]
  7092 | D:7      | HP: 3/72 [iguana (6)]
  7113 | D:7      | Found a sparkling altar of Nemelex Xobeh.
  7411 | D:7      | Reached skill level 5 in Fighting
  7488 | D:7      | Reached skill level 5 in Dodging
  7515 | D:7      | Found a staircase to the Ecumenical Temple.
  7866 | D:7      | Reached XP level 9. HP: 50/68 MP: 4/13
  8032 | D:7      | Acquired the +2 hat "Esukkur" {Int+3 Dex+5}
  8047 | D:7      | Found a stormy altar of Qazlal.
  8194 | Temple   | Entered the Ecumenical Temple
  8289 | Temple   | Became a worshipper of Cheibriados the Contemplative
  8485 | D:8      | Reached skill level 9 in Unarmed Combat
  8548 | D:8      | Reached * piety under Cheibriados
  8742 | D:8      | Reached skill level 10 in Unarmed Combat
  9031 | D:9      | Reached skill level 1 in Invocations
  9034 | D:9      | Found a staircase to the Orcish Mines.
  9238 | D:9      | Noticed a lindwurm
  9244 | D:9      | Noticed a lindwurm
  9415 | D:9      | Found a burning altar of Makhleb.
  9428 | D:9      | Found a staircase to the Lair.
  9428 | D:9      | Noticed an elephant
  9508 | D:9      | Upgraded the game from 0.29-a0-477-g62b78b4225 to
                  | 0.29-a0-486-ga88943ba61
  9632 | D:9      | Noticed a lindwurm
  9658 | D:9      | Killed an elephant
  9907 | D:9      | Reached XP level 10. HP: 76/76 MP: 9/14
  9947 | D:10     | Entered Level 10 of the Dungeon
  9983 | D:10     | Reached ** piety under Cheibriados
 10235 | D:10     | HP: 3/92 [gnoll sergeant/+1 trident of venom (8)]
 10441 | D:10     | Reached skill level 1 in Shields
 10721 | D:10     | Reached *** piety under Cheibriados
 10827 | D:10     | Reached skill level 11 in Unarmed Combat
 10830 | D:10     | Reached **** piety under Cheibriados
 11268 | Lair:1   | Entered Level 1 of the Lair of Beasts
 11305 | Lair:1   | Noticed a cane toad
 11317 | Lair:1   | Killed a cane toad
 11351 | Lair:1   | Reached skill level 1 in Stealth
 11484 | Lair:1   | Found a runed translucent door.
 11484 | Lair:1   | Found a shimmering altar of Xom.
 11484 | Lair:1   | Noticed a +0 war axe of chaos
 11484 | Lair:1   | Noticed Morbidden's ghost (journeyman TrGl)
 11703 | Lair:1   | Reached skill level 5 in Stealth
 11708 | Lair:1   | Reached XP level 11. HP: 82/86 MP: 11/15
 11990 | Lair:1   | Noticed Harold
 12003 | Lair:1   | Killed Harold
 12862 | Lair:2   | Noticed a seven-headed hydra
 12871 | Lair:2   | Killed a seven-headed hydra
 13465 | Lair:2   | Noticed an oklob plant
 13894 | Lair:3   | Noticed a five-headed hydra
 13909 | Lair:3   | Killed a five-headed hydra
 14000 | Lair:3   | Noticed Amaemon
 14012 | Lair:3   | Killed Amaemon
 14216 | Lair:3   | Found a staircase to the Shoals.
 14375 | Lair:3   | Reached ***** piety under Cheibriados
 14444 | Lair:3   | Identified the +10 war axe of Xiful {elec, Fragile rC++
                  | MP+9 SInv Stlth+}
 14496 | Lair:3   | Reached skill level 12 in Unarmed Combat
 14510 | Lair:3   | Reached XP level 12. HP: 95/95 MP: 14/16
 14749 | Lair:3   | Found a transporter.
 14749 | Lair:3   | Noticed a boulder beetle
 14750 | Lair:3   | Found a transporter.
 14750 | Lair:3   | Noticed a boulder beetle
 14897 | Lair:4   | Found a staircase to the Snake Pit.
 15220 | Lair:4   | Noticed a four-headed hydra
 15227 | Lair:4   | Killed a four-headed hydra
 15409 | Lair:4   | Reached skill level 10 in Stealth
 16104 | Lair:5   | Noticed a six-headed hydra
 16112 | Lair:5   | HP: 2/116 [six-headed hydra (9)]
 16112 | Lair:5   | Slain by a six-headed hydra

Illustrated notes

Levels and vault maps discovered:
D:1:      minmay_arrival_cross, layout_loops_cross, roderic_roman_lattice
D:2:      layout_loops_corners, shapermc_ecumenical_altar_totnotflames,
          basic_altar, minmay_misc_feat_tiny, kennysheep_decorative_pillar,
          uniq_crazy_yiuf_cottage
D:3:      layout_basic, mainiacjoe_overflow_cross_hatched, ashenzari_altar_1
D:4:      layout_loops_ring, uniq_ijyb, uniq_menkaure
D:5:      layout_layer_cave, ebering_ghost_rock_garden, minivault_27
D:6:      layout_basic
D:7:      layout_basic, gammafunk_temple_overflow_elements,
          mainiacjoe_overflow_brackets, minmay_temple_entry_drinking_statues
D:8:      layout_gridville
D:9:      layout_long_grid, lightli_temple_of_fire, david_lair_generic,
          david_orc_3, minmay_lindwurm_lava
D:10:     layout_big_octagon, serial_gnoll_camp, gnoll_camp_mini_hut,
          gnoll_camp_medium_02, gnoll_camp_mini_house, gnoll_camp_huts_basic,
          gnoll_camp_mini_hut, gnoll_camp_mini_sergeant
Temple:   lightli_temple_of_artemis
Lair:1:   layout_layer_cave, ebering_ghost_xom, uniq_harold
Lair:2:   layout_small_grid, chequers_serial_rivers_micro_d,
          minmay_lair_oklob_items, hangedman_lair_unloving_vines,
          lemuel_fruit_fields, grunt_megastairs_4
Lair:3:   gammafunk_boulding_lane, layout_regular_city,
          elwin_shoals_entry_rooms, infiniplex_staircase_pool_2, uniq_amaemon
Lair:4:   layout_regular_city, minmay_snake_entry_guardpost_small,
          beast_lair_carwin_11, serial_bayou_shore_a
Lair:5:   layout_concentric_octagons

Skill      XL: |  1  2  3  4  5  6  7  8  9 10 11 12 |
---------------+-------------------------------------+-----
Fighting       | 1 2 3 4 5 6 8 9 |  9.7
Unarmed Combat | 4 5 6 7 8 10 11 12 | 12.7
Dodging        | 3 5 7 8 9 |  9.6
Transmutations | 4 5 6 7 8 |  8.0
Ice Magic      | 1 2 |  2.0
Spellcasting   | 3 |  3.0
Invocations    | 3 4 |  4.0
Shields        | 3 |  3.0
Stealth        | 5 8 10 | 10.0

Action                   |  1- 3 |  4- 6 |  7- 9 | 10-12 || total
-------------------------+-------+-------+-------+-------++-------
Melee: Unarmed           |    97 |   148 |   277 |   330 ||   852
       Kick              |    19 |    29 |    26 |       ||    74
       Headbutt          |    13 |    12 |    18 |       ||    43
       Bite              |     8 |    10 |    13 |     3 ||    34
       Punch             |     4 |     4 |     4 |     2 ||    14
 Cast: Beastly Appendage |    19 |    19 |    22 |       ||    60
       Ice Form          |       |       |    22 |    36 ||    58
Invok: Bend Time         |       |       |       |     2 ||     2
Evoke: Wand              |       |     5 |     1 |    18 ||    24
  Use: Scroll            |     2 |     5 |    11 |     4 ||    22
       Potion            |       |     4 |     5 |     3 ||    12
 Stab: Sleeping          |     1 |     5 |     5 |     6 ||    17
Armor: Robe              |    25 |    24 |    15 |     3 ||    67
       Skin              |       |     7 |    61 |    61 ||   129
Dodge: Dodged            |    59 |    72 |   184 |   264 ||   579
Block: Kite shield       |       |       |       |    10 ||    10

Table legend: (Time is in decaauts)
 A = Elapsed time spent in this place.
 B = Non-inter-level travel time spent in this place.
 C = Inter-level travel time spent in this place.
 D = Time resting spent in this place.
 E = Time spent auto-exploring this place.
 F = Levels seen in this place.
 G = Mean time per level.
                   A        B        C        D        E       F      G
               +--------+--------+--------+--------+--------+-----+--------+
         Total |  19497 |  18788 |    709 |   2687 |  12566 |  16 | 1218.6 |
       Dungeon |  11931 |  11439 |    492 |   1998 |   6918 |  10 | 1193.1 |
        Temple |    109 |     97 |     12 |      0 |     81 |   1 |  109.0 |
          Lair |   7455 |   7252 |    203 |    689 |   5567 |   5 | 1491.0 |
               +--------+--------+--------+--------+--------+-----+--------+

Top non-repeatable levels by time:
  Lair:1: 2396 daAuts
    D:10: 1710 daAuts
  Lair:2: 1621 daAuts
  Lair:4: 1609 daAuts
  Lair:3: 1581 daAuts
     D:3: 1460 daAuts
     D:2: 1304 daAuts
     D:9: 1247 daAuts
     D:7: 1227 daAuts
     D:5: 1202 daAuts
     D:4: 1123 daAuts
     D:6: 1032 daAuts
     D:1: 830 daAuts
     D:8: 793 daAuts
  Lair:5: 246 daAuts
